 Dungeon Crawl Stone Soup version 0.30-a0-159-g068b764562 (webtiles) character file.

Game seed: 15550757189644240106

2954 Iusername the Cleaver (level 9, -2/78 HPs)
             Began as a Minotaur Fighter on Sept 27, 2022.
             Was a Priest of Qazlal.
             Slain by a troll (5 damage)
             ... on level 9 of the Dungeon.
             The game lasted 00:08:24 (7375 turns).

Iusername the Cleaver (Minotaur Fighter)            Turns: 7375, Time: 00:08:25

Health: -2/78      AC: 10    Str: 24 (25) XL:     9   Next: 52%
Magic:  8/8        EV: 13    Int:  3 (5)  God:    Qazlal [***...]
Gold:   538        SH: 14    Dex:  7 (10) Spells: 8/8 levels left

rFire   . . .      SeeInvis .    a - +0 war axe
rCold   . . .      Faith    .    n - +1 kite shield
rNeg    . . .      Spirit   .    b - +0 scale mail
rPois   .          Reflect  .    (helmet restricted)
rElec   .          Harm     .    h - +0 cloak
rCorr   .          Rampage  .    (no gloves)
Will    .....                    s - +0 pair of boots
Stlth   ..........               (no amulet)
HPRegen 0.23/turn                l - +4 ring of slaying
MPRegen 0.11/turn                p - +4 ring of evasion

@: mighty, brilliant, flying
A: horns 2, retaliatory headbutt
a: Renounce Religion, Upheaval, Elemental Force


You were on level 9 of the Dungeon.
You worshipped Qazlal.
Qazlal was most pleased with you.
You visited 1 branch of the dungeon, and saw 7 of its levels.
You also visited: Ossuary.

You collected 538 gold pieces.

Inventory:

Hand Weapons
 a - a +0 war axe (weapon)
Missiles
 B - 4 throwing nets (quivered)
Armour
 b - a +0 scale mail (worn)
 h - a +0 cloak (worn)
 n - a +1 kite shield (worn)
 s - a +0 pair of boots (worn)
Jewellery
 l - a +4 ring of slaying (left hand)
 o - a ring of protection from fire
 p - a +4 ring of evasion (right hand)
Wands
 z - a wand of acid (10)
 C - a wand of flame (11)
 D - a wand of paralysis (5)
Scrolls
 c - a scroll of torment
 g - a scroll of blinking {unknown}
 i - a scroll of magic mapping
 k - 3 scrolls of vulnerability
 r - a scroll of poison
 t - a scroll of fear
 w - 2 scrolls of enchant weapon {unknown}
 y - 2 scrolls of butterflies
 A - a scroll of noise
 F - a scroll of immolation {unknown}
Potions
 e - 4 potions of brilliance
 f - a potion of flight
 j - a potion of resistance {unknown}
 m - 2 potions of curing
 q - a potion of heal wounds
 u - a potion of haste {unknown}
 x - a potion of berserk rage {unknown}
 E - a potion of cancellation {unknown}


   Skills:
 + Level 6.6 Fighting
 + Level 10.7 Axes
 + Level 7.8 Armour
 + Level 3.1 Dodging
 + Level 1.3 Stealth
 + Level 7.7 Shields


You had 8 spell levels left.
You didn't know any spells.
Your spell library contained the following spells:

 Spells                   Type           Power      Damage    Failure   Level
 Summon Guardian Golem    Hex/Summ       0%         N/A       100%        3
 Orb of Destruction       Conj           0%         9d5       100%        7
 Spellforged Servitor     Conj/Summ      0%         N/A       100%        7


Dungeon Overview and Level Annotations

Branches:
Dungeon (6/15)            Ossuary (visited)
 Temple: D:4-7

Altars:
Dithmenos
Gozag
Kikubaaqudgha
Okawaru
Qazlal

Shops:
D:3 [   D:6 (

Annotations:
D:5 2 transporters, Darkkill's ghost, novice TrWn


Innate Abilities, Weirdness & Mutations

You have a pair of horns on your head.
You reflexively headbutt those who attack you in melee.


Message History

The troll claws you but does no damage. The troll claws you!
* * * LOW HITPOINT WARNING * * *
You block the orc warrior's attack. The five-headed hydra misses you.
You block the five-headed hydra's attack.
The five-headed hydra bites you but does no damage.
The five-headed hydra barely misses you.
The five-headed hydra bites you.
* * * LOW HITPOINT WARNING * * *
It was a potion of heal wounds.
You feel much better. The troll bites you! The troll claws you!
* * * LOW HITPOINT WARNING * * *
You block the troll's attack. You block the orc warrior's attack.
The five-headed hydra barely misses you.
You furiously retaliate!
You headbutt the five-headed hydra!
You block the five-headed hydra's attack. x2
The five-headed hydra bites you.
* * * LOW HITPOINT WARNING * * *
The five-headed hydra misses you.
Unknown command.
It was a potion of flight.
You feel very buoyant.
You fly up into the air.
You hear a loud, deep croak!
The orc warrior closely misses you. You block the troll's attack.
The troll claws you.
* * * LOW HITPOINT WARNING * * *
You block the troll's attack.
The five-headed hydra completely misses you.
You furiously retaliate!
You headbutt the five-headed hydra!
The five-headed hydra barely misses you.
The five-headed hydra bites you.
* * * LOW HITPOINT WARNING * * *
You block the five-headed hydra's attack.
The five-headed hydra closely misses you.
Unknown command.
It was a potion of degeneration.
There was something very wrong with that liquid.
You feel weakened.
You feel dopey.
You feel clumsy. You block the troll's attack. The troll claws you.
You die...

.######.....###..#.$# .#..##
.............#......# .....
#########.#..#..#..###..#
###..>..#.#######.......#
.)))....#)#..#..#.)..)..#
###.....#....#.....###.....#
#......#...###.Qo..# ....##
#......#......DT#.$# .#.....
#......##......@#### ##.Do⌠}
#..#####.......○# .... ##.)#
#...###.... ### ....#
#....#.....
#...#####.#..#..#...
#.........###### ....
#.....#...# ..###
#.###.#.#....# ... #..
..#.#...##


You could see a five-headed hydra, a tengu warrior, a troll and an orc warrior.

Vanquished Creatures
  Grinder (D:5)
  A hornet (D:9)
  4 yaks (D:9)
  2 black bears (D:4)
  An orc warrior (D:9)
  An ogre (D:5)
  A centaur (D:9)
  A phantom (D:5)
  Blork the orc (D:4)
  A kobold brigand (D:9)
  A bullfrog (D:9)
  An elf zombie (Ossuary)
  4 necrophages
  A gnoll sergeant (D:9)
  2 scorpions
  A wight (D:9)
  2 killer bees
  A howler monkey (D:4)
  A centaur zombie (Ossuary)
  2 human zombies (Ossuary)
  A jelly (D:3)
  A gnoll bouda (D:4)
  3 iguanas
  Natasha (thrice) (D:4)
  An orc wizard (D:4)
  2 mummies (Ossuary)
  13 gnolls
  5 adders
  A shadow imp (D:5)
  A worm (D:3)
  9 orcs
  5 ball pythons
  10 endoplasms
  5 giant cockroaches
  5 gnoll zombies (Ossuary)
  9 goblins
  2 hobgoblins
  7 kobolds
  6 quokkas
  4 bats
  5 frilled lizards
  4 hobgoblin zombies (Ossuary)
  An orc zombie (Ossuary)
  2 rats
135 creatures vanquished.

Vanquished Creatures (others)
  7 plants
7 creatures vanquished.

Grand Total: 142 creatures vanquished

Notes
Turn   | Place    | Note
-------+----------+-------------------------------------------
     0 | D:1      | Iusername the Minotaur Fighter began the quest for the Orb.
     0 | D:1      | Reached XP level 1. HP: 19/19 MP: 0/0
   364 | D:1      | Reached XP level 2. HP: 27/27 MP: 1/1
  1497 | D:2      | Reached XP level 3. HP: 32/33 MP: 2/2
  1925 | D:2      | Found a faded altar of an unknown god.
  1979 | D:2      | Prayed at the altar of an unknown god.
  1979 | D:2      | Became a worshipper of Qazlal Stormbringer
  1979 | D:2      | Reached * piety under Qazlal
  2309 | D:3      | Reached skill level 3 in Axes
  2309 | D:3      | Reached XP level 4. HP: 27/40 MP: 3/3
  2414 | D:3      | Identified the +2 ring mail of Heqoimor {Regen+ Str+4}
  2635 | D:3      | Found an opulent altar of Gozag.
  2639 | D:3      | Found a shadowy altar of Dithmenos.
  2647 | D:3      | Found an iron altar of Okawaru.
  2947 | D:3      | Found Jyuss's Armour Shop.
  3350 | D:4      | Noticed Natasha
  3357 | D:4      | Killed Natasha
  3358 | D:4      | Reached skill level 4 in Axes
  3408 | D:4      | Reached XP level 5. HP: 40/47 MP: 4/4
  3412 | D:4      | Noticed Blork the orc
  3420 | D:4      | Killed Blork the orc
  3421 | D:4      | Reached skill level 5 in Axes
  3421 | D:4      | Reached skill level 1 in Dodging
  3422 | D:4      | Reached ** piety under Qazlal
  3423 | D:4      | Reached skill level 5 in Armour
  3427 | D:3      | HP: 1/47 [iguana (5)]
  3429 | D:3      | Reached XP level 6. HP: 1/53 MP: 5/5
  4487 | D:4      | Reached skill level 6 in Axes
  4487 | D:4      | Reached skill level 5 in Shields
  4556 | D:4      | Reached XP level 7. HP: 60/60 MP: 6/6
  4592 | D:4      | Noticed Natasha
  4604 | D:4      | Killed Natasha
  4647 | D:4      | Reached skill level 5 in Fighting
  4868 | D:4      | Noticed Natasha
  4873 | D:4      | Killed Natasha
  5085 | D:5      | Entered Level 5 of the Dungeon
  5103 | D:5      | Reached skill level 1 in Stealth
  5110 | D:5      | Found a sand-covered staircase.
  5115 | Ossuary  | Entered an ossuary
  5130 | Ossuary  | Reached skill level 7 in Axes
  5342 | D:5      | Reached *** piety under Qazlal
  5343 | D:5      | Reached XP level 8. HP: 69/69 MP: 7/7
  5411 | D:5      | Reached skill level 8 in Axes
  5573 | D:5      | Noticed Grinder
  5575 | D:5      | Paralysed by Grinder for 4 turns
  5584 | D:5      | Killed Grinder
  5585 | D:5      | Reached skill level 9 in Axes
  6197 | D:5      | Found an ancient bone altar of Kikubaaqudgha.
  6266 | D:5      | Found a transporter.
  6276 | D:5      | Noticed Darkkill's ghost (novice TrWn)
  6309 | D:5      | Identified the +3 ring mail of Free Expression {Harm Str+3
                  | Stlth+}
  6331 | D:5      | Found a transporter.
  6528 | D:6      | Found Gajomo's Antique Weapon Emporium.
  6550 | D:6      | You fall into a shaft and drop 3 floors!
  6805 | D:9      | Reached skill level 10 in Axes
  6805 | D:9      | Reached XP level 9. HP: 77/77 MP: 8/8
  7009 | D:9      | Paralysed by a hornet for 2 turns
  7351 | D:9      | Noticed a troll
  7357 | D:9      | Noticed a tengu warrior
  7359 | D:9      | Noticed a five-headed hydra
  7374 | D:9      | HP: 3/78 [five-headed hydra (5)]
  7375 | D:9      | Slain by a troll

Illustrated notes

Levels and vault maps discovered:
D:1:      evilmike_arrival_hilbert_curve, layout_basic
D:2:      layout_basic, ebering_ecumenical_altar_sacrificial,
          serial_bayou_crossing
D:3:      layout_loops_corners, minitemple, serial_shops, shop
D:4:      layout_basic, uniq_natasha, uniq_blork_the_orc
D:5:      layout_rooms, nicolae_kikubaaqudgha_miasma_corner,
          gammafunk_ghost_gnarly_gnolls, enter_ossuary_5, minivault_14,
          uniq_grinder
D:6:      minmay_opposing_rooms, layout_basic, serial_shops,
          nicolae_shop_competitors_out_of_business
D:9:      hangedman_cross_cluster, layout_basic, serial_shops, shop,
          hellmonk_guarded_unrand_night

Skill      XL: |  1  2  3  4  5  6  7  8  9 |
---------------+----------------------------+-----
Armour         | 4 5 6 7 |  7.8
Shields        | 4 5 6 7 |  7.7
Fighting       | 4 5 6 |  6.6
Axes           | 3 4 5 6 7 10 | 10.7
Dodging        | 1 2 3 |  3.1
Stealth        | 1 |  1.3

Action                   |  1- 3 |  4- 6 |  7- 9 || total
-------------------------+-------+-------+-------++-------
Melee: War axe           |    98 |    78 |   128 ||   304
       Headbutt          |    10 |    12 |    28 ||    50
  Use: Scroll            |       |       |     9 ||     9
       Potion            |       |       |     7 ||     7
Armor: Scale mail        |    38 |    30 |    40 ||   108
Dodge: Dodged            |    42 |    32 |    95 ||   169
Block: Buckler           |    23 |       |       ||    23
       Kite shield       |       |    51 |   133 ||   184

Table legend: (Time is in decaauts)
 A = Elapsed time spent in this place.
 B = Non-inter-level travel time spent in this place.
 C = Inter-level travel time spent in this place.
 D = Time resting spent in this place.
 E = Time spent auto-exploring this place.
 F = Levels seen in this place.
 G = Mean time per level.
                   A        B        C        D        E       F      G
               +--------+--------+--------+--------+--------+-----+--------+
         Total |   7499 |   7226 |    273 |   1995 |   4227 |   8 |  937.4 |
       Dungeon |   7294 |   7021 |    273 |   1995 |   4085 |   7 | 1042.0 |
       Ossuary |    205 |    205 |      0 |      0 |    142 |   1 |  205.0 |
               +--------+--------+--------+--------+--------+-----+--------+

Top non-repeatable levels by time:
     D:3: 2015 daAuts
     D:1: 1453 daAuts
     D:5: 1197 daAuts
     D:2: 885 daAuts
     D:9: 834 daAuts
     D:4: 827 daAuts
 Ossuary: 205 daAuts
     D:6: 79 daAuts
